 Dungeon Crawl Stone Soup version 0.27-a0-291-gd9602db6ee (webtiles) character file.

Game seed: 10927363926172488053

51 namelastname112 the Sneak (level 3, -3/33 HPs)
             Began as a Draconian Delver on Feb 9, 2021.
             Shot with an arrow by a centaur (10 damage)
             ... on level 5 of the Dungeon.
             The game lasted 00:01:51 (966 turns).

namelastname112 the Sneak (Draconian Delver)         Turns: 966, Time: 00:01:52

Health: -3/33      AC:  6    Str: 14    XL:     3   Next: 57%
Magic:  3/3        EV: 12    Int: 10    God:
Gold:   30         SH:  0    Dex: 13    Spells: 2/2 levels left

rFire    . . .     SeeInvis .   a - +0 falchion
rCold    . . .     Faith    .   (no shield)
rNeg     . . .     Spirit   .   (armour unavailable)
rPois    .         Reflect  .   (helmet restricted)
rElec    .         Harm     .   (no cloak)
rCorr    .         Rampage  .   (no gloves)
Will     .....                  g - +0 pair of boots
Stlth    +++.......             (no amulet)
HPRegen  0.11/turn              (no ring)
MPRegen  0.08/turn              (no ring)

@: no status effects
A: unfitting armour, cold-blooded, AC +5
a: no special abilities


You were on level 5 of the Dungeon.
You visited 1 branch of the dungeon, and saw 3 of its levels.

You collected 30 gold pieces.

Inventory:

Hand Weapons
 a - a +0 falchion (weapon)
Armour
 g - a +0 pair of boots (worn)
Jewellery
 l - an uncursed ring of ice
Wands
 f - a wand of digging (3)
Scrolls
 b - a scroll of fog
 c - a scroll of magic mapping
 d - a scroll of fear
 h - a scroll of identify {unknown}
Potions
 e - a potion of haste
 i - 2 potions of heal wounds {unknown}
 j - a potion of flight {unknown}
 k - 2 potions of curing {unknown}


   Skills:
 + Level 3.8 Fighting
 + Level 2.6 Long Blades
 + Level 2.3 Dodging
 + Level 4.8 Stealth


You had 2 spell levels left.
You didn't know any spells.
Your spell library was empty.

Dungeon Overview and Level Annotations

Branches:
Dungeon (6/15)
 Temple: D:4-7

Altars:
Hepliaklqana

Shops:
D:4 !   D:5 (*[*


Innate Abilities, Weirdness & Mutations

Your plain brown scales are hard. (AC +5)
You cannot fit into any form of body armour.
You are cold-blooded and may be slowed by cold attacks.


Message History

A scorpion and a lemure come into view!
A water moccasin skeleton comes into view!
There is a stone staircase leading down here!
You climb downwards!
There is a stone staircase leading up here!
There is an open door here!
A centaur comes into view!
The centaur shouts!!!
You hear an angry hiss!
The centaur wields a +0 shortbow!
The centaur shoots an arrow!
The arrow hits you!
You take 5 damage, and have 28/33 hp!
The centaur shoots an arrow!
The arrow hits you!!!
You take 15 damage, and have 13/33 hp!
MASSIVE DAMAGE!!!!!!
Okay, then!
The centaur shoots an arrow!
The arrow hits you!!! * * * don't die
* * * You take 7 damage, and have 7/33 hp!
MASSIVE DAMAGE!!!!!!
The centaur shoots an arrow!
The arrow closely misses you!
The centaur shoots an arrow!
The arrow hits you!!! rip

#....♣.♣.♣.♣.# #.≈♣
#..#..∩.♣.∩..##### #..♣
#..#.♣.♣.♣.♣..#..##c.≈♣
#.....♣.∩.♣...#.....≈♣
#....♣.♣.♣.♣..'.c.#♣≈≈≈c.
#..#.........##.##♣ ≈..
#+####.....'###.## .
#............#...#
#...<...#....@...#
#.......#....#...#
#..##+###..#######
#####..##..###.##
#...#.........
#...#.........
##...'....>....
#....######..##
####.######..#


You could see a centaur.

Vanquished Creatures
  A worker ant (D:4)
  A shadow imp (D:5)
  4 orcs (D:4)
  2 giant cockroaches (D:4)
  4 jackals
  A quokka (D:4)
13 creatures vanquished.

Vanquished Creatures (others)
  3 plants (D:5)
3 creatures vanquished.

Grand Total: 16 creatures vanquished

Notes
Turn   | Place    | Note
-------+----------+-------------------------------------------
     0 | D:5      | namelastname112 the Draconian Delver began the quest for
                  | the Orb.
     0 | D:5      | Reached XP level 1. HP: 19/19 MP: 1/1
    11 | D:5      | Noticed a howler monkey
   160 | D:5      | Reached XP level 2. HP: 10/26 MP: 2/2
   228 | D:6      | Noticed a phantom
   239 | D:5      | Found a hazy altar of Hepliaklqana.
   402 | D:5      | Found Gecoty's Antique Armour Boutique.
   405 | D:5      | Found Ughuupn's Antique Weapon Boutique.
   407 | D:5      | Found Weahocest's General Store.
   411 | D:5      | Found Toih's Assorted Antiques.
   616 | D:4      | Reached XP level 3. HP: 14/33 MP: 3/3
   876 | D:4      | Found Ostrus's Distillery.
   883 | D:4      | Noticed a lemure
   883 | D:4      | Noticed a scorpion
   958 | D:5      | Noticed a centaur
   966 | D:5      | Shot with an arrow by a centaur

Illustrated notes

Levels and vault maps discovered:
D:4:      layout_rooms, minmay_temple_entry_mini_moons, serial_shops,
          nicolae_shop_crystal, shop, shop, shop, nicolae_shop_crystal,
          hangedman_decor_lopped, uniq_pikel
D:5:      layout_gridville, kennysheep_little_box, corexii_checkpoint_a,
          grunt_decor_one_mirror, serial_bayou_ford_a, minmay_shop_grid_forest
D:6:      layout_rooms, serial_shops, shop, serial_co_window_serial,
          co_window_paths_b, co_window_corner_a, co_window_paths_a,
          co_window_cross_1, co_window_paths_a, co_window_of_opportunity_b,
          co_window_broadway_b, co_window_of_opportunity_c, co_window_corner_b,
          co_window_broadway_a, co_window_of_opportunity_b, co_window_4corner_a,
          glass_columns_c, glass_columns_a, glass_columns_c, glass_columns_a,
          glass_columns_b, ebering_ghost_disaster_area, bloody_trog

Skill      XL: |  1 |
---------------+----+-----
Dodging        | 2 |  2.3
Fighting       | |  3.8
Long Blades    | |  2.6
Stealth        | |  4.8

Action                   || total
-------------------------++-------
Melee: Falchion          ||    50
       Tailslap          ||     6
Armor: Skin              ||    24
Dodge: Dodged            ||    33
       Rpst.: Falchion   ||    14

Table legend: (Time is in decaauts)
 A = Elapsed time spent in this place.
 B = Non-inter-level travel time spent in this place.
 C = Inter-level travel time spent in this place.
 D = Time resting spent in this place.
 E = Time spent auto-exploring this place.
 F = Levels seen in this place.
 G = Mean time per level.
                   A        B        C        D        E       F      G
               +--------+--------+--------+--------+--------+-----+--------+
         Total |    976 |    973 |      3 |    519 |    197 |   3 |  325.3 |
       Dungeon |    976 |    973 |      3 |    519 |    197 |   3 |  325.3 |
               +--------+--------+--------+--------+--------+-----+--------+

Top non-repeatable levels by time:
     D:4: 519 daAuts
     D:5: 257 daAuts
     D:6: 198 daAuts
